AoeStats
← Pooh1818

Arena

505529344Analyzed
2v2 RM · 24d ago on Sep 9, 2026· 40m 13s· 4 players
Game mode
Random Map
Map size
Medium (4 player)
Population
200
Speed
Normal
Resources
Standard
Victory
Conquest
Starting age
Dark Age
Ending age
Imperial Age
RankedLock teamsTeams togetherTeam positionsShared explorationLock speedFull tech treeHidden civsTurbo modeCheats
Victory
Defeat
🇹🇷 Mongols · Türkiye
1115
+12
🇹🇷 Ethiopians · Türkiye
993
+16
🇹🇷 Malay · Türkiye
1042
-15
🇸🇰 Mongols · Slovakia
988
-13
GlorioustoRy [75MINGAME]
2:30 Loom
12:35 Feudal Age
17:30 Castle Age
22:53 Double-Bit Axe
23:43 Horse Collar
25:17 Bow Saw
26:02 Heavy Plow
27:07 Gold Mining
28:12 Wheelbarrow
27:18 Pikeman
28:14 Forging
29:43 Hand Cart
29:14 Town Watch
30:31 Iron Casting
30:50 Squires
31:48 Gold Shaft Mining
31:03 Stone Mining
32:23 Fletching
32:33 Padded Archer Armor
32:45 Man-at-Arms
33:30 Long Swordsman
38:46 Imperial Age
36:17 Town Patrol
38:06 Two-Handed Swordsman
39:49 Blast Furnace
39:05 Leather Archer Armor
FESHI21
3:30 Loom
10:10 Feudal Age
11:14 Horse Collar
11:21 Double-Bit Axe
11:58 Gold Mining
20:18 Castle Age
18:30 Stone Mining
19:43 Wheelbarrow
22:46 Masonry
23:23 Ballistics
22:59 Fletching
24:44 Heavy Plow
24:56 Bow Saw
25:06 Hand Cart
28:40 Imperial Age
26:38 Town Watch
28:09 Nomads
29:03 Husbandry
29:44 Bloodlines
30:02 Conscription
30:45 Drill
32:30 Fervor
34:35 Chemistry
34:15 Siege Engineers
35:12 Heavy Camel Rider
36:06 Forging
36:03 Scale Barding Armor
36:02 Bodkin Arrow
36:21 Onager
38:00 Iron Casting
37:52 Chain Barding Armor
e4gl3
1:08 Loom
10:37 Feudal Age
11:16 Horse Collar
11:24 Double-Bit Axe
19:02 Castle Age
16:56 Stone Mining
19:24 Crossbowman
20:26 Bow Saw
20:08 Gold Mining
20:25 Heavy Plow
29:39 Imperial Age
28:47 Crossbowman
31:42 Two-Man Saw
31:21 Gold Shaft Mining
31:35 Thumb Ring
32:07 Padded Archer Armor
31:58 Fletching
34:49 Scale Mail Armor
34:59 Forging
39:11 Town Watch
40:43 Chain Mail Armor
Pooh1818
10:53 Feudal Age
12:16 Double-Bit Axe
14:36 Castle Age
14:59 Horse Collar
15:31 Bow Saw
22:41 Wheelbarrow
22:24 Town Watch
22:28 Loom
22:59 Gold Mining
23:36 Hand Cart
25:26 Gold Shaft Mining
24:42 Stone Mining
25:21 Fletching
25:34 Heavy Plow
26:14 Stone Shaft Mining
26:51 Bodkin Arrow
28:26 Ballistics
28:11 Padded Archer Armor
31:03 Imperial Age
28:42 Town Patrol
29:54 Masonry
30:04 Leather Archer Armor
29:55 Scale Barding Armor
31:35 Fortified Wall
31:29 Nomads
32:16 Coinage
31:47 Bracer
32:08 Chain Barding Armor
32:52 Chemistry
31:59 Siege Engineers
31:50 Murder Holes
32:32 Bloodlines
32:22 Husbandry
32:50 Parthian Tactics
31:45 Heavy Cavalry Archer
32:33 Thumb Ring
32:18 Elite Mangudai
33:19 Conscription
33:38 Drill
33:57 Hoardings
33:42 Forging
32:58 Light Cavalry
33:21 Capped Ram
34:19 Siege Ram
36:33 Iron Casting
36:18 Onager
37:49 Siege Onager
38:20 Hussar
41:09 Blast Furnace
Connection lost

Rejoining the realm…

Still unreachable

The connection could not be restored.

Session expired

The server has moved on; the page needs a fresh start.